 Dungeon Crawl Stone Soup version 0.31-a0-662-g684573625c (webtiles) character file.

Game seed: 15086618324645162127

6183 quinnr the Zephyrmancer (level 10, -2/50 HPs)
             Began as a Tengu Air Elementalist on Sept 1, 2023.
             Was an Elder of Vehumet.
             Slain by a yak (12 damage)
             ... on level 10 of the Dungeon on Sept 2, 2023.
             The game lasted 00:24:28 (12741 turns).

quinnr the Zephyrmancer (Tengu Air Elementalist)   Turns: 12741, Time: 00:24:30

Health: -2/50      AC:  4    Str: 10    XL:     10   Next: 91%
Magic:  2/15       EV: 18    Int: 19    God:    Vehumet [****..]
Gold:   476        SH: 10    Dex: 14    Spells: 3/15 levels left

rFire   . . .        A - +3 dagger (elec)
rCold   . . .        i - +0 buckler
rNeg    . . .        a - +0 robe
rPois   .            q - +2 hat
rElec   .            (no cloak)
rCorr   .            (no gloves)
SInv    .            (boots unavailable)
Will    .....        J - amulet of reflection
Stlth   ++++         Z - ring of wizardry
HPRegen 0.28/turn    (no ring)
MPRegen 0.14/turn

%: reflection, acrobat, wizardry (x1)
@: flying
A: beak, talons 3, evasive flight, acrobatic
a: Renounce Religion


You were on level 10 of the Dungeon.
You worshipped Vehumet.
Vehumet was greatly pleased with you.
You visited 1 branch of the dungeon, and saw 11 of its levels.
You also visited: Ossuary.

You collected 630 gold pieces.
You spent 154 gold pieces at shops.


Innate Abilities, Weirdness & Mutations

You have a beak for a mouth.
You have claws for feet.
Your magical flight helps you evade attacks. (EV +4)
You can magically evade attacks while moving or waiting.


   Skills:
 - Level 6.0 Dodging
 + Level 7.8 Stealth
 - Level 4.0 Shields
 + Level 3.1 Spellcasting
 - Level 11.1 Conjurations
 - Level 11.7 Air Magic
 - Level 4.0 Poison Magic


You had 3 spell levels left.
You knew the following spells:

 Your Spells              Type           Power      Damage    Failure   Level
a - Airstrike             Air            23%        2d(4-20)  1%          4
i - Swiftness             Air            47%        N/A       1%          3
p - Poisonous Vapours     Pois/Air       64%        N/A       1%          2
t - Static Discharge      Conj/Air       92%        2-6/arc   1%          2
z - Shock                 Conj/Air       100%       1d9       1%          1

Your spell library contained the following spells:

 Spells                   Type           Power      Damage    Failure   Level
 Iskenderun's Mystic Bla  Conj/Tloc      24%        2d7       2%          4
 Dazzling Flash           Conj/Hex       48%        N/A       1%          3
 Sting                    Tmut/Pois      40%        1d5       4%          1
 Inner Flame              Hex/Fire       2%         N/A       8%          3
 Volatile Blastmotes      Fire/Tloc      4%         2d10      8%          3
 Olgreb's Toxic Radiance  Pois           18%        N/A       4%          4
 Starburst                Conj/Fire      12%        6d5       30%         6
 Yara's Violent Unravell  Hex/Tmut       1%         3d3       47%         5
 Maxwell's Capacitive Co  Air            23%        ∞         67%         8
 Enfeeble                 Hex            1%         N/A       100%        7

Inventory:

Hand Weapons
 A - a +3 dagger of electrocution (weapon)
 F - a +3 dagger of protection
Missiles
 m - a throwing net {=f}
 r - 72 stones
 y - a curare-tipped dart {=f}
Armour
 a - a +0 robe (worn)
 i - a +0 buckler (worn)
 q - a +2 hat (worn)
Magical Staves
 c - a staff of conjuration {!a}
Jewellery
 v - the amulet of Gaapusox {RegenMP Int+3}
   (You took it off a hobgoblin on level 4 of the Dungeon)

   [amulet of magic regeneration]

   RegenMP:   It increases your rate of magic regeneration.
   Int+3:     It affects your intelligence (+3).
 D - an amulet of magic regeneration
 J - an amulet of reflection (around neck)
 Z - a ring of wizardry (left hand)
Wands
 j - a wand of flame (41)
 E - a wand of roots (5)
 L - a wand of light (4)
Scrolls
 d - 2 scrolls of brand weapon {unknown}
 f - 2 scrolls of fog {unknown}
 g - 3 scrolls of blinking {unknown}
 l - a scroll of vulnerability
 p - 3 scrolls of noise {unknown}
 w - 4 scrolls of teleportation {unknown}
 B - 2 scrolls of fear {unknown}
 G - 2 scrolls of immolation {unknown}
 H - a scroll of poison
 I - a scroll of revelation
 K - 3 scrolls of enchant weapon
Potions
 b - 3 potions of magic
 e - 2 potions of cancellation {unknown}
 h - 4 potions of heal wounds {@q2}
 k - 2 potions of attraction {unknown}
 o - 10 potions of curing {@q1}
 s - 5 potions of degeneration {unknown}
 t - a potion of haste {@q3}
 u - 2 potions of invisibility
 x - a potion of lignification {unknown}
 z - a potion of mutation {unknown}
 C - 3 potions of berserk rage {unknown}

Dungeon Overview and Level Annotations

Branches:
Dungeon (11/15)            Temple (0/1) D:4            Lair (0/5) D:9
    Orc (0/2) D:9         Ossuary (visited)

Altars:
Ashenzari
Dithmenos
Elyvilon
Fedhas
Hepliaklqana
Makhleb
Trog
Uskayaw
Vehumet
Wu Jian
Yredelemnul

Shops:
D:4 !   D:6 [

Annotations:
D:3 1 runed translucent door, CowFu's ghost, weakling DrSh; Grinder
D:8 exclusions: ice statue and orange crystal statue
D:10 flamevault, exclusion: upstairs

#...........#........
#...........#........
#...........#........
#...........#........
#######.....#########
#§§§§#......#........
#§§§§#......'........
#§§§§#......#........
#§§§@#......#........
###Y######..#########
#§§§.....#..[........
#§§§.....#...........
#§§§..Y..#...........
#§§§.....#...........
#§§§...#Y############
#§§§...#......#......
#......#......#......


You could see a yak.


Message History

Unknown command.
The yak attacks as it pursues you! The yak closely misses you.
The yak gores you!
* * * LOW HITPOINT WARNING * * *
The yak looks more healthy.
You block the yak's attack.
Unknown command.
Okay, then.
There is an open door here.
The yak looks more healthy.
Casting: Static Discharge (safe; 1% risk of failure)
Confirm with . or Enter, or press ? or * to list all spells.
You don't have enough magic to cast this spell.
You hear the crackle of electricity.
A - a +3 dagger of electrocution (weapon)
The yak gores you!
* * * LOW HITPOINT WARNING * * *
You closely miss the yak. You claw the yak.
The yak is heavily wounded.
The yak gores you.
* * * LOW HITPOINT WARNING * * *
Unknown command.
The yak attacks as it pursues you! The yak completely misses you.
The yak looks more healthy.
The yak attacks as it pursues you! The yak completely misses you.
There is an open door here.
The yak attacks as it pursues you! You block the yak's attack.
The air fills with toxic fumes!
As you read the scroll labelled APANEDGH RAWNUQ, it crumbles to dust.
It was a scroll of poison.
The yak gores you!
You die...

Skill      XL: |  1  2  3  4  5  6  7  8  9 10 |
---------------+-------------------------------+-----
Conjurations   | 2 3 4 5 6 9 11 | 11.1
Air Magic      | 5 6 8 10 11 | 11.7
Shields        | 2 4 |  4.0
Poison Magic   | 4 |  4.0
Dodging        | 3 6 |  6.0
Stealth        | 7 |  7.8
Spellcasting   | 3 |  3.1

Action                     |  1- 3 |  4- 6 |  7- 9 | 10-12 || total
---------------------------+-------+-------+-------+-------++-------
  Melee: Unarmed           |    17 |     2 |    13 |       ||    32
         Kick              |     5 |     1 |    40 |     2 ||    48
         Peck              |     2 |     1 |    28 |     2 ||    33
         Dagger            |       |       |   112 |    11 ||   123
   Cast: Shock             |    58 |   102 |   363 |    19 ||   542
         Static Discharge  |       |       |    12 |     6 ||    18
         Airstrike         |       |       |    26 |    49 ||    75
         Swiftness         |       |       |     2 |     1 ||     3
         Poisonous Vapours |       |       |     1 |    10 ||    11
    Use: Scroll            |       |       |       |     9 ||     9
         Potion            |       |       |       |     1 ||     1
   Stab: Sleeping          |       |       |     3 |       ||     3
 Armour: Robe              |    20 |    16 |    56 |    19 ||   111
  Dodge: Dodged            |    36 |    19 |   127 |    20 ||   202
  Block: Buckler           |       |       |    63 |     9 ||    72
         Reflection        |       |       |       |     1 ||     1

Levels and vault maps discovered:
D:1:      lemuel_arrival_broad_hall, layout_rooms, serial_glass,
          glass_columns_c, glass_columns_a
D:2:      layout_basic, basic_altar, uniq_robin
D:3:      layout_basic, ebering_ghost_sewer_d, minmay_misc_feat_diagonals,
          uniq_grinder
D:4:      lemuel_castle_with_subvaults [lemuel_castle_interior_carwin_1],
          layout_basic, kennysheep_little_box,
          minmay_temple_entry_enclosed_plants, serial_shops,
          nicolae_diamond_shop
D:5:      layout_rooms, mainiacjoe_overflow_alcove_1
D:6:      layout_basic, mainiacjoe_overflow_24_doors, serial_shops,
          nicolae_shop_statue_plus, chequers_garden, minivault_4
D:7:      layout_gridville, mainiacjoe_overflow_small_starburst,
          general_overflow_altar, kennysheep_mini_moat
D:8:      minmay_separated_statues, layout_loops_ring, enter_ossuary_1
D:9:      layout_loops_ring, lair_entry_dummy, erik_orc_3, uniq_harold
D:10:     layout_grid_maze, ashenzari_conservatory_becter,
          grunt_temple_overflow_cloverleaf, bh_circular_ruins
D:11:     layout_roguey, hangedman_feature_mirror,
          hangedman_abyss_or_decor_stagger, minmay_misc_feat_hallway

Notes
Turn   | Place    | Note
-------+----------+-------------------------------------------
     0 | D:1      | quinnr the Tengu Air Elementalist began the quest for the
                  | Orb.
     0 | D:1      | Reached XP level 1. HP: 10/10 MP: 4/4
     5 | D:1      | You fall into a shaft and drop 1 floor!
   123 | D:2      | Reached XP level 2. HP: 15/15 MP: 0/6
   271 | D:2      | Learned a level 2 spell: Static Discharge
   354 | D:2      | Reached skill level 2 in Conjurations
   540 | D:2      | Reached XP level 3. HP: 16/19 MP: 2/7
   659 | D:2      | Noticed Robin
   672 | D:2      | Killed Robin
   693 | D:2      | Reached skill level 3 in Conjurations
   782 | D:2      | Reached XP level 4. HP: 24/24 MP: 0/8
  1058 | D:2      | Found a white marble altar of Elyvilon.
  1069 | D:2      | Reached skill level 5 in Air Magic
  1492 | D:3      | Found a runed translucent door.
  1496 | D:3      | Noticed CowFu's ghost (weakling DrSh)
  2095 | D:1      | Learned a level 3 spell: Swiftness
  2209 | D:3      | Noticed Grinder
  2307 | D:3      | Reached skill level 4 in Conjurations
  2307 | D:3      | Reached XP level 5. HP: 28/28 MP: 6/9
  2577 | D:5      | Entered Level 5 of the Dungeon
  2585 | D:5      | Reached skill level 1 in Shields
  2713 | D:5      | Reached skill level 6 in Air Magic
  2771 | D:5      | Noticed an ogre
  2774 | D:5      | Killed an ogre
  2775 | D:5      | Reached skill level 2 in Shields
  2775 | D:5      | Reached skill level 5 in Conjurations
  2775 | D:5      | Reached XP level 6. HP: 32/32 MP: 6/10
  2873 | D:5      | Found a radiant altar of Vehumet.
  2891 | D:5      | Noticed a black bear
  2903 | D:5      | Became a worshipper of Vehumet
  2980 | D:5      | Killed a black bear
  2981 | D:5      | Gained mutation: Your magical flight helps you evade
                  | attacks. (EV +4) [Tengu growth]
  2981 | D:5      | Reached XP level 7. HP: 8/36 MP: 0/11
  3211 | D:4      | Reached skill level 3 in Shields
  3347 | D:4      | Found a staircase to the Ecumenical Temple.
  3529 | D:4      | Found Sutiles's Distillery.
  3536 | D:4      | Identified the amulet of Gaapusox {RegenMP Int+3}
  3596 | D:4      | Bought a potion of curing for 42 gold pieces
  3596 | D:4      | Bought a potion of invisibility for 112 gold pieces
  3648 | D:4      | Reached skill level 7 in Air Magic
  3909 | D:4      | Reached * piety under Vehumet
  3909 | D:4      | Offered knowledge of Magic Dart by Vehumet.
  4031 | D:4      | Reached skill level 6 in Conjurations
  4747 | D:4      | Reached skill level 4 in Shields
  4857 | D:4      | Found a blossoming altar of Fedhas.
  5114 | D:4      | Reached skill level 8 in Air Magic
  5114 | D:4      | Reached XP level 8. HP: 41/41 MP: 5/12
  5123 | D:4      | Reached skill level 7 in Conjurations
  5182 | D:4      | Offered knowledge of Sandblast by Vehumet.
  5283 | D:4      | Reached ** piety under Vehumet
  6084 | D:5      | Reached skill level 8 in Conjurations
  6217 | D:5      | Learned a level 4 spell: Airstrike
  6224 | D:5      | Reached skill level 9 in Air Magic
  6488 | D:6      | Offered knowledge of Inner Flame by Vehumet.
  6598 | D:6      | Found an ornate altar of the Wu Jian Council.
  6752 | D:6      | Reached skill level 9 in Conjurations
  7016 | D:6      | Reached skill level 10 in Air Magic
  7092 | D:6      | Found Erchir's Armour Emporium.
  7236 | D:7      | Reached XP level 9. HP: 45/45 MP: 7/13
  7248 | D:7      | Found a shadowy altar of Dithmenos.
  7396 | D:7      | Learned a level 2 spell: Poisonous Vapours
  7432 | D:7      | Found a bloodstained altar of Trog.
  7681 | D:7      | Found a burning altar of Makhleb.
  7827 | D:8      | Reached *** piety under Vehumet
  7828 | D:8      | Reached skill level 1 in Poison Magic
  7839 | D:8      | Reached skill level 10 in Conjurations
  7843 | D:7      | HP: 4/45 [poisoned by a killer bee]
  8029 | D:8      | Reached skill level 2 in Poison Magic
  8244 | D:8      | Found a sand-covered staircase.
  8258 | Ossuary  | Entered an ossuary
  8275 | Ossuary  | Offered knowledge of Sticky Flame by Vehumet.
  8360 | Ossuary  | Reached **** piety under Vehumet
  8377 | Ossuary  | Reached skill level 11 in Air Magic
  8614 | D:8      | Offered knowledge of Iskenderun's Mystic Blast by Vehumet.
  8621 | D:8      | Reached skill level 3 in Poison Magic
  8902 | D:8      | Noticed an orange crystal statue
  9154 | D:8      | Noticed an ice statue
  9785 | D:9      | Reached skill level 11 in Conjurations
  9825 | D:9      | Reached skill level 4 in Poison Magic
  9910 | D:9      | Found a staircase to the Orcish Mines.
  9954 | D:9      | Reached skill level 3 in Dodging
  9954 | D:9      | Reached XP level 10. HP: 34/50 MP: 5/14
 10206 | D:9      | Noticed a two-headed ogre
 10223 | D:9      | Killed a two-headed ogre
 10224 | D:9      | Reached skill level 4 in Dodging
 10224 | D:9      | Reached skill level 4 in Stealth
 10730 | D:9      | Reached skill level 5 in Dodging
 10761 | D:9      | Reached skill level 5 in Stealth
 10847 | D:9      | Found a staircase to the Lair.
 10901 | D:9      | HP: 1/50 [something (9)]
 10911 | D:10     | Entered Level 10 of the Dungeon
 11102 | D:10     | Killed an unseen horror
 11212 | D:10     | Found a broken altar of Ashenzari.
 11232 | D:10     | Identified a scroll of acquirement
 11233 | D:10     | Acquired a staff of conjuration
 11571 | D:10     | Found a hide-covered altar of Uskayaw.
 11577 | D:10     | Found a hazy altar of Hepliaklqana.
 11580 | D:10     | Found a basalt altar of Yredelemnul.
 11583 | D:10     | Found a white marble altar of Elyvilon.
 11593 | D:10     | Noticed a two-headed ogre
 11602 | D:10     | Killed a two-headed ogre
 11603 | D:10     | Reached skill level 6 in Dodging
 11603 | D:10     | Reached skill level 6 in Stealth
 11823 | D:10     | Reached skill level 7 in Stealth
 12055 | D:10     | Acquired a book of Spectacle
 12724 | D:10     | Reached skill level 3 in Spellcasting
 12741 | D:10     | Slain by a yak

Vanquished Creatures
  2 two-headed ogres
  An unseen horror (D:10)
  A troll (D:10)
  A shadow (D:10)
  A yak (D:10)
  2 wyverns (D:8)
  2 steam dragons
  A warg (D:9)
  A sky beast (D:8)
  An orc warrior (D:8)
  2 black bears
  3 ogres
  3 centaurs
  2 kobold brigands
  5 bullfrogs
  2 scorpions (D:5)
  4 water moccasin zombies (Ossuary)
  6 wights
  5 killer bees (D:8)
  4 howler monkeys
  2 hounds
  2 jellies
  A gnoll bouda (D:10)
  4 orc priests
  6 orc wizards
  5 iguanas
  A human simulacrum (D:10)
  2 mummies (Ossuary)
  Robin (D:2)
  32 gnolls
  5 adders
  A shadow imp (D:6)
  A white imp (D:6)
  An ufetubus (D:4)
  6 adder zombies (Ossuary)
  2 worms (D:2)
  3 dart slugs
  44 orcs
  4 ball pythons
  2 bats (D:2)
  7 endoplasms
  2 giant cockroaches
  6 gnoll zombies (Ossuary)
  15 goblins
  10 hobgoblins
  15 jackals
  6 quokkas
  2 frilled lizards (D:2)
  4 hobgoblin zombies (Ossuary)
  14 kobolds
  7 kobold zombies (Ossuary)
  6 orc zombies (Ossuary)
  A rat (D:1)
269 creatures vanquished.

Vanquished Creatures (others)
  A human simulacrum (D:10)
1 creature vanquished.

Grand Total: 270 creatures vanquished

Table legend: (Time is in decaauts)
 A = Elapsed time spent in this place.
 B = Non-inter-level travel time spent in this place.
 C = Inter-level travel time spent in this place.
 D = Time resting spent in this place.
 E = Time spent auto-exploring this place.
 F = Levels seen in this place.
 G = Mean time per level.
                   A        B        C        D        E       F      G
               +--------+--------+--------+--------+--------+-----+--------+
         Total |  12748 |  12241 |    507 |   1594 |   8344 |  12 | 1062.3 |
       Dungeon |  12442 |  11935 |    507 |   1511 |   8344 |  11 | 1131.1 |
       Ossuary |    305 |    305 |      0 |     83 |      0 |   1 |  305.0 |
               +--------+--------+--------+--------+--------+-----+--------+

Top non-repeatable levels by time:
     D:4: 2820 daAuts
    D:10: 1818 daAuts
     D:2: 1642 daAuts
     D:8: 1552 daAuts
     D:7: 997 daAuts
     D:9: 926 daAuts
     D:5: 836 daAuts
     D:6: 732 daAuts
     D:3: 590 daAuts
     D:1: 514 daAuts
 Ossuary: 305 daAuts
    D:11: 9 daAuts

Table legend:
 A = Non-vault XP
 B = Vault XP
 C = Vault XP percentage of total XP
 D = Non-vault monster count
 E = Vault monster count
 F = Vault count percentage of total count
                 A         B        C        D         E       F
            +---------+---------+-------+---------+---------+-------
      Total |    7365 |    1468 |  16.6 |     152 |     117 |  43.5
            +---------+---------+-------+---------+---------+-------
        D:1 |      24 |       0 |   0.0 |      12 |       0 |   0.0
        D:2 |     102 |      38 |  27.1 |      24 |      13 |  35.1
        D:3 |      53 |       0 |   0.0 |       9 |       0 |   0.0
        D:4 |     270 |     585 |  68.4 |      22 |      54 |  71.1
        D:5 |     688 |       0 |   0.0 |      12 |       0 |   0.0
        D:6 |     536 |       0 |   0.0 |      17 |       0 |   0.0
        D:7 |     274 |       0 |   0.0 |       3 |       0 |   0.0
        D:8 |    1419 |       0 |   0.0 |      26 |       0 |   0.0
        D:9 |    1458 |     423 |  22.5 |      13 |      14 |  51.9
       D:10 |    2541 |      21 |   0.8 |      14 |       1 |   6.7
    Ossuary |       0 |     401 | 100.0 |       0 |      35 | 100.0
            +---------+---------+-------+---------+---------+-------

Levels and vault maps discovered:
D:1:      lemuel_arrival_broad_hall, layout_rooms, serial_glass,
          glass_columns_c, glass_columns_a
D:2:      layout_basic, basic_altar, uniq_robin
D:3:      layout_basic, ebering_ghost_sewer_d, minmay_misc_feat_diagonals,
          uniq_grinder
D:4:      lemuel_castle_with_subvaults [lemuel_castle_interior_carwin_1],
          layout_basic, kennysheep_little_box,
          minmay_temple_entry_enclosed_plants, serial_shops,
          nicolae_diamond_shop
D:5:      layout_rooms, mainiacjoe_overflow_alcove_1
D:6:      layout_basic, mainiacjoe_overflow_24_doors, serial_shops,
          nicolae_shop_statue_plus, chequers_garden, minivault_4
D:7:      layout_gridville, mainiacjoe_overflow_small_starburst,
          general_overflow_altar, kennysheep_mini_moat
D:8:      minmay_separated_statues, layout_loops_ring, enter_ossuary_1
D:9:      layout_loops_ring, lair_entry_dummy, erik_orc_3, uniq_harold
D:10:     layout_grid_maze, ashenzari_conservatory_becter,
          grunt_temple_overflow_cloverleaf, bh_circular_ruins
D:11:     layout_roguey, hangedman_feature_mirror,
          hangedman_abyss_or_decor_stagger, minmay_misc_feat_hallway
